 Dungeon Crawl Stone Soup version 0.23.2 (webtiles) character file.

Game seed: 5271557434601863582

146 Blynxz the Covered (level 5, 0/41 HPs)
             Began as a Human Fighter on Apr 12, 2019.
             Killed from afar by Sigmund (8 damage)
             ... with a puff of flame
             ... on level 3 of the Dungeon.
             The game lasted 00:07:55 (1732 turns).

Blynxz the Covered (Human Fighter)                  Turns: 1732, Time: 00:07:55

Health: 0/41       AC: 12    Str: 17    XL:     5   Next: 53%
Magic:  5/5        EV:  3    Int:  8    God:
Gold:   67         SH:  9    Dex: 13    Spells: 4/4 levels left

rFire    . . .     SeeInvis .   a - +0 war axe
rCold    . . .     Gourm    .   c - +0 shield
rNeg     . . .     Faith    .   o - +0 plate armour
rPois    .         Spirit   .   (no helmet)
rElec    .         Reflect  .   (no cloak)
rCorr    .         Harm     .   (no gloves)
MR       .....                  n - +0 pair of boots
Stlth    ..........             (no amulet)
HPRegen  0.13/turn              (no ring)
MPRegen  0.09/turn              (no ring)

@: no status effects
A: no striking features
a: no special abilities


You were on level 3 of the Dungeon.
You were very hungry.

You visited 1 branch of the dungeon, and saw 3 of its levels.

You collected 67 gold pieces.

Inventory:

Hand Weapons
 a - a +0 war axe (weapon)
 r - a +0 club
 t - a +0 hunting sling
Missiles
 g - 92 stones (quivered)
 h - 3 tomahawks
 p - 7 arrows
 v - 6 poisoned needles
Armour
 b - a +0 scale mail
 c - a +0 shield (worn)
 n - a +0 pair of boots (worn)
 o - a +0 plate armour (worn)
 q - a +0 robe
 s - a +0 scale mail
Jewellery
 k - a cursed ring of attention {unknown}
Wands
 d - a wand of flame (8)
Scrolls
 e - 9 scrolls of identify {unknown}
 j - a scroll of enchant weapon {unknown}
 m - 5 scrolls of remove curse {unknown}
 u - a scroll of amnesia {unknown}
 w - a scroll of blinking {unknown}
Potions
 i - a potion of flight {unknown}
 l - a potion of brilliance {unknown}
Comestibles
 f - 4 rations


   Skills:
 + Level 3.5 Fighting
 + Level 3.1 Axes
 + Level 3.9 Armour
 + Level 0.9 Dodging
 + Level 0.1 Stealth
 + Level 3.9 Shields


You had 4 spell levels left.
You didn't know any spells.
Your spell library was empty.

Dungeon Overview and Level Annotations

Branches:
Dungeon (3/15)

Altars:

Annotations:
D:3 Sigmund


Message History

Something hits you.
* * * LOW HITPOINT WARNING * * *
Something hits you but does no damage. Something hits you but does no damage.
A magic dart appears from out of thin air!
The magic dart hits you.
* * * LOW HITPOINT WARNING * * *
Something hits you but does no damage.
You are feeling very hungry.
Something hits you.
* * * LOW HITPOINT WARNING * * *
Your shield and plate armour prevent you from hitting something.
Something hits you but does no damage.
You miss something. Something hits you but does no damage.
You block something's attack.
Your shield and plate armour prevent you from hitting something.
You hear some strange, mumbled words.
A puff of flame appears from out of thin air!
The puff of flame hits you!
You die...

. .♣ .# ########## #.#
##........# ##..#
#........@# #..♣
#..P.....{######.♣
##..♣...........).♣
##.P♣...P...#######♣
##...♣♣..P...#
#..♣P.♣.P♣P.###
#.PP♣♣♣♣♣♣P...## #
#.PP.P♣P♣...#..# ##..
####..P♣♣P...###.##...#


There were no monsters in sight!

Vanquished Creatures
  Natasha (thrice) (D:2)
  2 adders
  3 dart slugs
  5 bats
  A giant cockroach (D:2)
  9 goblins
  9 hobgoblins
  A quokka (D:3)
  2 ball pythons (D:1)
  3 frilled lizards
  4 kobolds (D:1)
  7 rats
49 creatures vanquished.

Notes
Turn   | Place    | Note
-------+----------+-------------------------------------------
     0 | D:1      | Blynxz the Human Fighter began the quest for the Orb.
     0 | D:1      | Reached XP level 1. HP: 18/18 MP: 1/1
   143 | D:1      | Reached XP level 2. HP: 24/24 MP: 2/2
   338 | D:1      | Reached XP level 3. HP: 29/29 MP: 3/3
  1038 | D:2      | Noticed Natasha
  1044 | D:2      | Killed Natasha
  1044 | D:2      | Reached XP level 4. HP: 35/35 MP: 4/4
  1182 | D:2      | Noticed Natasha
  1194 | D:2      | Killed Natasha
  1273 | D:2      | Reached XP level 5. HP: 27/41 MP: 5/5
  1382 | D:2      | Noticed Natasha
  1398 | D:2      | Killed Natasha
  1703 | D:3      | Noticed Sigmund
  1732 | D:3      | Killed from afar by Sigmund

Skill      XL: |  1  2  3  4 |
---------------+-------------+-----
Axes           | 3 |  3.1
Fighting       | |  3.5
Armour         | |  3.9
Dodging        | |  0.9
Stealth        | |  0.1
Shields        | |  3.9

Action                   |  1- 3 |  4- 6 || total
-------------------------+-------+-------++-------
Melee: War axe           |   112 |    62 ||   174
  Use: Potion            |       |     1 ||     1
  Eat: Chunk             |       |     2 ||     2
Armor: Scale mail        |    26 |       ||    26
       Plate armour      |    27 |    47 ||    74
Dodge: Dodged            |    31 |    10 ||    41
Block: Shield            |    71 |    28 ||    99
